 Dungeon Crawl Stone Soup version 0.29-a0-887-gcbe080d7e0 (webtiles) character file.

Game seed: 13991740870360296119

645 mcwallace the Charlatan (level 7, -1/52 HPs)
             Began as a Demonspawn Artificer on July 21, 2022.
             Slain by an ogre
             ... wielding a +0 giant club
              (25 damage)
             ... on level 5 of the Dungeon.
             The game lasted 00:08:25 (4938 turns).

mcwallace the Charlatan (Demonspawn Artificer)      Turns: 4938, Time: 00:08:25

Health: -1/52      AC:  9    Str: 13    XL:     7   Next: 27%
Magic:  11/11      EV: 11    Int: 14    God:
Gold:   248        SH:  9    Dex: 13    Spells: 11/11 levels left

rFire   . . .      SeeInvis .   x - +0 quarterstaff {staff}
rCold   + . .      Faith    .   (shield currently unavailable)
rNeg    + . .      Spirit   .   K - +2 ring mail {rC+}
rPois   .          Reflect  +   (no helmet)
rElec   .          Harm     .   (no cloak)
rCorr   .          Rampage  .   A - +1 pair of gloves
Will    .....                   (boots unavailable)
Stlth   +.........              g - amulet of reflection
HPRegen 0.17/turn               o - ring of positive energy
MPRegen 0.12/turn               (no ring)

@: no status effects
A: hooves 3, large bone plates 1, spiny 1
a: no special abilities


You were on level 5 of the Dungeon.
You visited 1 branch of the dungeon, and saw 5 of its levels.

You collected 248 gold pieces.


Innate Abilities, Weirdness & Mutations

You have hooves in place of feet.
You are partially covered in large bone plates. (SH +4)
You are partially covered in sharp spines.


   Skills:
 + Level 3.3 Fighting
 + Level 3.2 Armour
 + Level 2.9 Dodging
 - Level 0.8 Stealth
 + Level 2.7 Spellcasting
 + Level 3.0 Necromancy
 + Level 4.4 Evocations


You had 11 spell levels left.
You didn't know any spells.
Your spell library contained the following spells:

 Spells                   Type           Power      Damage    Failure   Level
 Sandblast                Erth           2%         2d4       41%         1
 Shock                    Conj/Air       4%         1d3       41%         1
 Passwall                 Tmut/Erth      0%         N/A       56%         2
 Portal Projectile        Hex/Tloc       2%         N/A       80%         3
 Stone Arrow              Conj/Erth      2%         3d7       80%         3
 Swiftness                Air            1%         N/A       80%         3
 Tukima's Dance           Hex            1%         N/A       80%         3
 Airstrike                Air            0%         0-2+      99%         4
 Blade Hands              Tmut           0%         N/A       100%        5

Inventory:

Hand Weapons
 a - a +0 club {mace}
 q - a +0 dagger {short}
   (You found it on level 1 of the Dungeon)
 w - a +0 short sword {short}
   (You found it on level 2 of the Dungeon)
 x - a +0 quarterstaff (weapon) {staff}
   (You found it on level 2 of the Dungeon)
 B - a +2 dagger of venom {short}
   (You took it off a goblin on level 2 of the Dungeon)
 C - a +0 sling of flaming
   (You took it off a goblin on level 2 of the Dungeon)
Missiles
 k - 8 poisoned darts (quivered) {throwing}
 l - 40 stones {throwing}
 u - a throwing net {=f!fthrowing}
Armour
 b - a +0 leather armour
 i - a +0 robe
   (You found it on level 1 of the Dungeon)
 n - a +0 scale mail
   (You found it on level 1 of the Dungeon)
 p - a +0 ring mail
   (You found it on level 1 of the Dungeon)
 t - a +0 scale mail
   (You found it on level 2 of the Dungeon)
 z - a +1 robe of resistance
   (You found it on level 2 of the Dungeon)
 A - a +1 pair of gloves (worn)
   (You found it on level 2 of the Dungeon)
 G - a +0 scale mail of fire resistance
   (You took it off an orc on level 3 of the Dungeon)
 H - a +0 robe
   (You found it on level 3 of the Dungeon)
 I - a +0 leather armour
   (You found it on level 3 of the Dungeon)
 J - a +0 chain mail
   (You found it on level 4 of the Dungeon)
 K - a +2 ring mail of cold resistance (worn)
   (You found it on level 4 of the Dungeon)
 L - a +0 leather armour
   (You found it on level 4 of the Dungeon)
 M - a +0 plate armour
   (You found it on level 4 of the Dungeon)
 N - a +0 scale mail
   (You found it on level 4 of the Dungeon)
Jewellery
 g - an amulet of reflection (around neck)
   (You found it on level 1 of the Dungeon)
 o - a ring of positive energy (left hand)
   (You found it on level 1 of the Dungeon)
 v - a ring of wizardry
   (You found it on level 2 of the Dungeon)
Wands
 c - a wand of flame (11)
 d - a wand of charming (15)
 e - a wand of iceblast (7)
Scrolls
 f - a scroll of enchant weapon
 j - a scroll of fog {unknown}
 r - 3 scrolls of teleportation {@r4}
 s - a scroll of magic mapping {unknown}
 E - a scroll of blinking {unknown}
 O - a scroll of vulnerability {unknown}
 P - a scroll of fear {unknown}
 Q - 2 scrolls of immolation {unknown}
Potions
 h - a potion of ambrosia {unknown}
 m - 2 potions of heal wounds {@q2}
 D - a potion of cancellation {unknown}
 F - 2 potions of lignification {!q}
 R - a potion of curing {unknown}

Dungeon Overview and Level Annotations

Branches:
Dungeon (5/15) Zot: 25013
 Temple: D:4-7

Altars:
Ashenzari
Kikubaaqudgha
Ru
Trog

Shops:
D:1

!** #.##### #.##...
#.##.## .########.##..# .
..........#...#
....#######..#...# #
..........#..#...#
#.#.#.#########.#..#...#
.....oO@............)..#
#.#.#o#########.....#...
#. ##########.#..... .#.
...........######
.....................
................>####
#...#######.#.....<. #. #
#....##.#.#.#.#.##.#
#..#.#.......#...........


You could see an ogre and 2 orcs.


Message History

😕 HP[-2]
You take 2 damage, and now have 38/47 hp.
You hit the phantom. You kick the phantom, but do no damage.
The phantom hits you.
You block the phantom's attack. 😕 HP[-2]
You take 2 damage, and now have 36/47 hp.
You closely miss the phantom. You kick the phantom.
You destroy the phantom!
You block the ufetubus's attack. x2
You have reached level 7!
Your demonic ancestry asserts itself...
Your feet have mutated into hooves. 😕 HP[+5] MP[+1]
You now have 52 max hp (+5).
You regained 5 hp, and now have 41/52 hp.
Your mp is fully restored (10).
You sock the ufetubus!
You kill the ufetubus!
Sorry, you're not good enough to have a special ability.
A jelly comes into view.
The jelly quivers. 😎 HP[+11]
Your hp is fully restored (52).
You block the jelly's attack.
You hit the jelly but do no damage.
Your hands burn!
The jelly is struck by your spines.
The jelly hits you but does no damage. 😕 HP[-1]
You take 1 damage, and now have 51/52 hp.
You hit the jelly.
Your hands burn!
You kick the jelly.
You block the jelly's attack. x2 😕 HP[-3]
You take 3 damage, and now have 48/52 hp.
You sock the jelly!
You kill the jelly!
No target in view!
Found a stone staircase leading down. 😎 HP[+4]
Your hp is fully restored (52).
Found a stone staircase leading up.
An ogre comes into view. It is wielding a +0 giant club.
You block the ogre's attack.
You hit the ogre. Your kick misses the ogre. The ogre is struck by your spines.
The ogre hits you with a +0 giant club! 😮 HP[-13]
You take 13 damage, and now have 39/52 hp.
MASSIVE DAMAGE!! (PAUSE)
You hit the ogre. You kick the ogre. You block the ogre's attack.
You barely miss the ogre. You barely miss the ogre.
You block the ogre's attack. 😕 HP[+1]
You sock the ogre! The ogre is struck by your spines.
The ogre hits you with a +0 giant club. 😮 HP[-3]
You take 3 damage, and now have 37/52 hp.
You hit the ogre.
You kill the ogre!
Q - a scroll labelled ZIELETWU DYLEPT 😎 HP[+15] MP[+1]
Your hp is fully restored (52).
Your mp is fully restored (11).
As you read the scroll labelled GYPPOR MIUNUUL, it crumbles to dust.
It is a scroll of identify.
m - 2 potions of heal wounds
As you read the scroll of identify {@r1}, it crumbles to dust.
F - 2 potions of lignification
As you read the scroll of identify {@r1}, it crumbles to dust.
r - 3 scrolls of teleportation
As you read the scroll of identify {@r1}, it crumbles to dust.
f - a scroll of enchant weapon
R - a murky dark potion
There is a stone staircase leading down here.
There is a stone staircase leading up here.
Q - 2 scrolls labelled ZIELETWU DYLEPT (gained 1)
An orc comes into view. It is wielding a +0 flail.
The orc shouts!
You hear a shout! x2
An orc comes into view. It is wielding a +0 whip.
An orc comes into view. It is wielding a +0 hand axe.
The orc shouts!
You hear a shout!
You block the orc's attack.
An ogre comes into view. It is wielding a +0 giant club.
You hit the orc. You block the orc's attack.
You sock the orc!
You kill the orc!
Your Necromancy skill increases to level 3!
You hit the orc. You kick the orc. The orc is struck by your spines.
You kill the orc!
You hit the ogre but do no damage. The ogre is struck by your spines.
The ogre hits you with a +0 giant club! 😮 HP[-13]
You take 13 damage, and now have 39/52 hp.
MASSIVE DAMAGE!! (PAUSE)
You hit the ogre but do no damage.
An orc comes into view. It is wielding a +0 club.
The ogre is struck by your spines. The ogre hits you with a +0 giant club!
* * * LOW HITPOINT WARNING * * *
😨 HP[-15]
You take 15 damage, and now have 24/52 hp.
MASSIVE DAMAGE!! (PAUSE)
You barely miss the ogre. You kick the ogre. The ogre is struck by your spines.
The ogre hits you with a +0 giant club!!
You die...

Skill      XL: |  1  2  3  4  5  6  7 |
---------------+----------------------+-----
Dodging        | 1 2 |  2.9
Armour         | 2 3 |  3.2
Spellcasting   | 1 2 |  2.7
Necromancy     | 1 2 3 |  3.0
Fighting       | 2 3 |  3.3
Evocations     | 4 |  4.4
Stealth        | |  0.8

Action                   |  1- 3 |  4- 6 |  7- 9 || total
-------------------------+-------+-------+-------++-------
Melee: Club              |    32 |       |       ||    32
       Short sword       |     8 |       |       ||     8
       Dagger            |     5 |       |       ||     5
       Punch             |     1 |       |       ||     1
       Quarterstaff      |     7 |    94 |    16 ||   117
       Kick              |     4 |    25 |     4 ||    33
Throw: Dart              |       |     5 |       ||     5
       Throwing net      |       |     1 |       ||     1
Evoke: Wand              |     3 |     3 |       ||     6
  Use: Scroll            |       |       |     4 ||     4
 Stab: Sleeping          |       |     1 |       ||     1
Armor: Leather armour    |     6 |       |       ||     6
       Scale mail        |     8 |     5 |       ||    13
       Robe              |       |     5 |       ||     5
       Ring mail         |       |     5 |     1 ||     6
Dodge: Dodged            |    20 |    23 |       ||    43
Block: Other             |    10 |    42 |     8 ||    60
       Reflection        |       |     3 |       ||     3

Levels and vault maps discovered:
D:1:      dpeg_arrival_more_subterranean_lakeside_camping, layout_basic,
          nicolae_ecumenical_lake_church, serial_shops, shop,
          nicolae_shop_trees, nicolae_shop_stone, minivault_26
D:2:      minmay_recursive_quarters, layout_loops_ring
D:3:      layout_basic, mainiacjoe_overflow_small_starburst,
          lemuel_doored_altar, marbit_many_paths
D:4:      layout_cave_pods, lemuel_crystal_altar, serial_bayou_pond_d,
          uniq_grinder
D:5:      layout_basic, mainiacjoe_overflow_paths, serial_shops,
          nicolae_shop_bloodbath_and_beyond

Notes
Turn   | Place    | Note
-------+----------+-------------------------------------------
     0 | D:1      | mcwallace the Demonspawn Artificer began the quest for the
                  | Orb.
     0 | D:1      | Reached XP level 1. HP: 15/15 MP: 1/1
     0 | D:1      | magus.rc [v1.9.6]
   208 | D:1      | Found Kyplupie's General Store.
   231 | D:1      | Reached skill level 1 in Dodging
   233 | D:1      | Found a faded altar of an unknown god.
   508 | D:1      | Gained mutation: You are partially covered in sharp spines.
                  | [demonic ancestry]
   508 | D:1      | Reached XP level 2. HP: 20/21 MP: 2/2
   665 | D:1      | Found Diynkepp's Distillery.
   809 | D:1      | Reached skill level 2 in Armour
   948 | D:1      | You pick up a book of Geomancy and begin reading...
   948 | D:1      | You add the spells Sandblast, Passwall and Stone Arrow to
                  | your library.
   962 | D:1      | Found Liolebopn's General Store.
  1932 | D:2      | Gained mutation: You have large cloven feet. [demonic
                  | ancestry]
  1932 | D:2      | Reached XP level 3. HP: 24/26 MP: 4/4
  1995 | D:2      | HP: 6/26 [iguana (3)]
  1997 | D:2      | Reached skill level 1 in Spellcasting
  1997 | D:2      | Reached skill level 1 in Necromancy
  1997 | D:2      | Gained mutation: You are partially covered in large bone
                  | plates. (SH +4) [demonic ancestry]
  1997 | D:2      | Reached XP level 4. HP: 8/33 MP: 5/5
  2592 | D:2      | Reached skill level 2 in Fighting
  3104 | D:3      | Found a sacrificial altar of Ru.
  3172 | D:3      | Found a bloodstained altar of Trog.
  3193 | D:3      | You pick up a book of Weapons and begin reading...
  3193 | D:3      | You add the spells Tukima's Dance, Portal Projectile and
                  | Blade Hands to your library.
  3225 | D:3      | Found an ancient bone altar of Kikubaaqudgha.
  3334 | D:3      | You pick up a book of Air and begin reading...
  3334 | D:3      | You add the spells Shock, Swiftness and Airstrike to your
                  | library.
  3712 | D:4      | Noticed a scorpion
  3719 | D:4      | Killed a scorpion
  3720 | D:4      | Reached skill level 2 in Dodging
  3720 | D:4      | Gained mutation: You have hoof-like feet. [demonic
                  | ancestry]
  3720 | D:4      | Reached XP level 5. HP: 39/39 MP: 5/7
  3845 | D:4      | Noticed a phantom
  3852 | D:4      | Killed a phantom
  3853 | D:4      | Reached skill level 2 in Necromancy
  3925 | D:4      | Found a broken altar of Ashenzari.
  4209 | D:4      | Noticed Grinder
  4222 | D:4      | Killed Grinder
  4223 | D:4      | Reached skill level 3 in Fighting
  4223 | D:4      | Reached skill level 3 in Armour
  4223 | D:4      | Reached skill level 2 in Spellcasting
  4223 | D:4      | Reached skill level 4 in Evocations
  4223 | D:4      | Reached XP level 6. HP: 35/47 MP: 7/9
  4519 | D:5      | Entered Level 5 of the Dungeon
  4537 | D:5      | Gained mutation: You have hooves in place of feet. [demonic
                  | ancestry]
  4537 | D:5      | Reached XP level 7. HP: 41/52 MP: 10/10
  4935 | D:5      | Reached skill level 3 in Necromancy
  4938 | D:5      | Slain by an ogre

Vanquished Creatures
  Grinder (D:4)
  An ogre (D:5)
  2 phantoms
  A scorpion (D:4)
  A jelly (D:5)
  An iguana (D:2)
  3 adders (D:2)
  An ufetubus (D:5)
  A worm (D:3)
  7 orcs
  2 ball pythons
  4 bats
  2 endoplasms
  2 giant cockroaches
  8 goblins
  9 hobgoblins
  6 jackals
  A quokka (D:2)
  2 frilled lizards
  4 kobolds
  5 rats
64 creatures vanquished.

Table legend:
 A = Non-vault XP
 B = Vault XP
 C = Vault XP percentage of total XP
 D = Non-vault monster count
 E = Vault monster count
 F = Vault count percentage of total count
                 A         B        C        D         E       F
            +---------+---------+-------+---------+---------+-------
      Total |     623 |     299 |  32.4 |      52 |      12 |  18.8
            +---------+---------+-------+---------+---------+-------
        D:1 |      24 |       0 |   0.0 |      14 |       0 |   0.0
        D:2 |     102 |      17 |  14.3 |      17 |      10 |  37.0
        D:3 |      26 |       1 |   3.7 |      10 |       1 |   9.1
        D:4 |     194 |     281 |  59.2 |       5 |       1 |  16.7
        D:5 |     277 |       0 |   0.0 |       6 |       0 |   0.0
            +---------+---------+-------+---------+---------+-------

Illustrated notes

Table legend:
 A = Kills in this place as a percentage of kills in entire the game.
 B = Kills by you in this place as a percentage of kills by you in the entire game.
 C = Kills by friends in this place as a percentage of kills by friends in the entire game.
 D = Other kills in this place as a percentage of other kills in the entire game.
 E = Experience gained in this place as a percentage of experience gained in the entire game.
 F = Experience gained in this place divided by the number of levels of this place that you have seen.
                   A       B       C       D       E      F
               +-------+-------+-------+-------+-------+----------------------
         Total | 100.0 | 100.0 |   N/A |   N/A | 100.0 | 184.4
       Dungeon | 100.0 | 100.0 |   N/A |   N/A | 100.0 | 184.4
               +-------+-------+-------+-------+-------+----------------------

Table legend: (Time is in decaauts)
 A = Elapsed time spent in this place.
 B = Non-inter-level travel time spent in this place.
 C = Inter-level travel time spent in this place.
 D = Time resting spent in this place.
 E = Time spent auto-exploring this place.
 F = Levels seen in this place.
 G = Mean time per level.
                   A        B        C        D        E       F      G
               +--------+--------+--------+--------+--------+-----+--------+
         Total |   4984 |   4719 |    265 |    285 |   3867 |   5 |  996.8 |
       Dungeon |   4984 |   4719 |    265 |    285 |   3867 |   5 |  996.8 |
               +--------+--------+--------+--------+--------+-----+--------+

Top non-repeatable levels by time:
     D:1: 1890 daAuts
     D:2: 1131 daAuts
     D:4: 891 daAuts
     D:3: 644 daAuts
     D:5: 426 daAuts
